 Dungeon Crawl Stone Soup version 0.30-a0-870-gc5d4c5acee (webtiles) character file.

Game seed: 15037583968517719738

419 cforsyth the Shooter (level 6, 0/51 HPs)
             Began as a Barachi Hunter on Mar 11, 2023.
             Slain by Menkaure (3 damage)
             ... on level 4 of the Dungeon.
             The game lasted 00:05:17 (1983 turns).

cforsyth the Shooter (Barachi Hunter)               Turns: 1983, Time: 00:05:18

Health: 0/51       AC:  8    Str: 12    XL:     6   Next: 93%
Magic:  6/6        EV: 12    Int:  9    God:
Gold:   176        SH:  0    Dex: 18    Spells: 5/5 levels left

rFire   . . .      SeeInvis .    a - +0 shortbow
rCold   . . .      Faith    .    (shield currently unavailable)
rNeg    . . .      Spirit   .    c - +0 leather armour
rPois   .          Reflect  .    (no helmet)
rElec   .          Rampage  .    d - +1 cloak
rCorr   .                        (no gloves)
Will    .....                    r - +1 pair of boots
Stlth   ++                       (no amulet)
HPRegen 0.28/turn                (no ring)
MPRegen 0.10/turn                (no ring)

@: slow
A: amphibious, slowness 1, strong legs 1, +LOS
a: Hop


You were on level 4 of the Dungeon.
You visited 1 branch of the dungeon, and saw 4 of its levels.
You also visited: Sewer.

You collected 176 gold pieces.

Inventory:

Hand Weapons
 a - a +0 shortbow (weapon)
Armour
 c - a +0 leather armour (worn)
 d - a +1 cloak (worn)
 r - a +1 pair of boots (worn)
Scrolls
 b - 3 scrolls of immolation
 f - a scroll of vulnerability
 g - a scroll of torment {unknown}
 h - a scroll of teleportation
 i - a scroll of blinking
 k - 2 scrolls of fear
 m - 2 scrolls of amnesia {unknown}
 n - 3 scrolls of poison {unknown}
 q - 3 scrolls of identify {unknown}
Potions
 e - a potion of heal wounds
 j - a potion of magic {unknown}
 l - a potion of mutation {unknown}
 o - a potion of curing {unknown}
 p - 2 potions of attraction {unknown}
 s - a potion of lignification {unknown}
 t - a potion of ambrosia {unknown}


   Skills:
 + Level 5.3 Fighting
 + Level 5.6 Ranged Weapons
 + Level 4.4 Armour
 - Level 2.1 Dodging
 - Level 0.8 Stealth


You had 5 spell levels left.
You didn't know any spells.
Your spell library contained the following spells:

 Spells                   Type           Power      Damage    Failure   Level
 Beastly Appendage        Tmut           0%         N/A       45%         1
 Kiss of Death            Conj/Necr      0%         2d5       45%         1
 Wereblood                Tmut           0%         N/A       61%         2
 Gell's Gravitas          Tloc           0%         N/A       83%         3
 Hailstorm                Conj/Ice       0%         3d3       83%         3
 Ignite Poison            Fire/Tmut/Pois 0%         N/A       83%         3
 Kindle Blastsparks       Fire/Tloc/Air  0%         2d10      83%         3
 Mephitic Cloud           Conj/Pois/Air  0%         N/A       83%         3
 Spider Form              Tmut/Pois      0%         N/A       83%         3
 Teleport Other           Tloc           0%         N/A       83%         3
 Leda's Liquefaction      Hex/Erth       0%         N/A       99%         4
 Freezing Cloud           Conj/Ice/Air   0%         6-21      100%        5
 Lee's Rapid Deconstruct  Erth           0%         3d4*      100%        5
 Dispersal                Tloc           0%         N/A       100%        6
 Statue Form              Tmut/Erth      0%         N/A       100%        6


Dungeon Overview and Level Annotations

Branches:
Dungeon (4/15)              Sewer (visited)
 Temple: D:4-7

Altars:

Annotations:
D:4 Menkaure


Innate Abilities, Weirdness & Mutations

You are amphibious.
You cover ground slowly.
You can hop short distances.
You have an extended range of vision and can be seen from far away.


Message History

The arrow hits Menkaure but does no damage.
Menkaure is heavily damaged.
You shoot an arrow. The arrow hits Menkaure.
Menkaure is heavily damaged.
Menkaure gestures at you while chanting.
You barely resist. You shoot an arrow.
The arrow hits Menkaure but does no damage.
Menkaure is heavily damaged.
Menkaure casts a spell at you. Pain shoots through your body!
You are too injured to fight recklessly!
You feel much better.
Menkaure gestures at you while chanting.
Pain shoots through your body!
Fire: a) +0 shortbow
Press: ? - help, Shift-Dir - straight line, f/p - Menkaure
Aim: Menkaure (heavily damaged, fast, 78% to hit)
You shoot an arrow. The arrow hits Menkaure.
Menkaure is severely damaged.
Menkaure calls on the powers of darkness!
Your body is wracked with pain!
Fire: a) +0 shortbow
Press: ? - help, Shift-Dir - straight line, f/p - Menkaure
Aim: Menkaure (severely damaged, fast, 78% to hit)
You shoot an arrow. The arrow hits Menkaure.
Menkaure is almost destroyed.
Menkaure hits you!
* * * LOW HITPOINT WARNING * * *
Menkaure calls on the powers of darkness!
Your body is wracked with pain!
* * * LOW HITPOINT WARNING * * *
Fire: a) +0 shortbow
Press: ? - help, Shift-Dir - straight line, f/p - Menkaure
Aim: Menkaure (almost destroyed, fast, 78% to hit)
You shoot an arrow.
The arrow hits Menkaure but does no damage.
Menkaure is almost destroyed.
Menkaure hits you.
You die...

.............##..###
........##.........#
.>......##<.......##
#.)...............#
###....#....>....## #
#..##...).#....###
#.......##....##.### #
...................##
#.#.............@.....#
..##........#...M..#..#
..## .....##.....## .#
....##............# .#
.....[......##.$... #
..##........#.......
..##..).....#.....#.
..##..##..........###
.............#...##


You could see Menkaure (fast).

Vanquished Creatures
  2 bullfrogs (Sewer)
  2 orc priests
  2 orc wizards
  9 adders
  A river rat (D:3)
  3 worms (D:3)
  11 orcs
  8 ball pythons
  5 bats
  3 endoplasms
  7 giant cockroaches
  2 goblins (D:2)
  4 hobgoblins
  3 jackals (D:1)
  4 kobolds
  10 quokkas
  5 frilled lizards (Sewer)
  4 rats
85 creatures vanquished.

Vanquished Creatures (others)
  2 fungi (D:3)
  4 plants (D:3)
6 creatures vanquished.

Grand Total: 91 creatures vanquished

Notes
Turn   | Place    | Note
-------+----------+-------------------------------------------
     0 | D:1      | cforsyth the Barachi Hunter began the quest for the Orb.
     0 | D:1      | Reached XP level 1. HP: 17/17 MP: 1/1
   113 | D:1      | Reached XP level 2. HP: 23/23 MP: 2/2
   121 | D:1      | Reached skill level 1 in Armour
   474 | D:2      | Reached XP level 3. HP: 29/29 MP: 3/3
   623 | D:2      | Got the Omnibus of Impulse and Refrigeration
  1059 | D:3      | Reached XP level 4. HP: 18/37 MP: 4/4
  1096 | D:3      | Reached XP level 5. HP: 15/42 MP: 5/5
  1180 | D:3      | Reached skill level 5 in Ranged Weapons
  1223 | D:3      | Found a glowing drain.
  1264 | Sewer    | Entered a sewer
  1323 | Sewer    | Reached XP level 6. HP: 42/49 MP: 6/6
  1554 | Sewer    | Reached skill level 5 in Fighting
  1835 | D:3      | You fall into a shaft and drop 1 floor!
  1973 | D:4      | Noticed Menkaure
  1983 | D:4      | Slain by Menkaure

Illustrated notes

Levels and vault maps discovered:
D:1:      eino_arrival_water_star, layout_rooms
D:2:      layout_basic
D:3:      layout_loops_ring, shapermc_ecumenical_altar_mp_ritualfount,
          biasface_ghost_orc_armoury, lightli_sewer_entry_pipes
D:4:      layout_cave_pools, grunt_tough_drop, uniq_crazy_yiuf_cottage,
          uniq_menkaure

Skill      XL: |  1  2  3  4  5  6 |
---------------+-------------------+-----
Armour         | 1 2 3 4 |  4.4
Fighting       | 3 4 5 |  5.3
Ranged Weapons | 5 |  5.6
Dodging        | |  2.1
Stealth        | |  0.8

Action                     |  1- 3 |  4- 6 || total
---------------------------+-------+-------++-------
   Fire: Shortbow          |   105 |   182 ||   287
    Use: Scroll            |     4 |       ||     4
         Potion            |       |     2 ||     2
 Armour: Leather armour    |    18 |    20 ||    38
  Dodge: Dodged            |    44 |    50 ||    94

Table legend: (Time is in decaauts)
 A = Elapsed time spent in this place.
 B = Non-inter-level travel time spent in this place.
 C = Inter-level travel time spent in this place.
 D = Time resting spent in this place.
 E = Time spent auto-exploring this place.
 F = Levels seen in this place.
 G = Mean time per level.
                   A        B        C        D        E       F      G
               +--------+--------+--------+--------+--------+-----+--------+
         Total |   2329 |   2315 |     14 |    189 |   1447 |   5 |  465.8 |
       Dungeon |   1868 |   1854 |     14 |     71 |   1257 |   4 |  467.0 |
         Sewer |    461 |    461 |      0 |    118 |    189 |   1 |  461.0 |
               +--------+--------+--------+--------+--------+-----+--------+

Top non-repeatable levels by time:
     D:2: 663 daAuts
     D:1: 552 daAuts
     D:3: 476 daAuts
   Sewer: 461 daAuts
     D:4: 175 daAuts
